cohdb
Replays
Latest Replays
All Replays
Popular Replays
Top Player Replays
Match Explorer
How It Works
Community
CoH3 Stats
Reddit
Sign in to upload your games and track your stats! →
Sign in with Steam
Match 43090473
Unlisted
Match 43090473
Overview
Messages
Build Orders
End
Kradschützen Motorcycle Team
Selects Italian Combined Arms Battlegroup
Selects Bersaglieri Squad
Bersaglieri Squad
Bersaglieri Squad
Construct Light Support Kompanie
Selects Bersaglieri Bolster
Bersaglieri Squad
Fire Support Elements
Flakvierling Half-track
Panzerjäger Mechanized Group
Vehicle Survival Package
Selects Breda Model 30 Light Machine Guns
2.5-tonne Medical Truck
Construct Panzerarmee Kommand
Panzer III L Medium Tank
Selects Semovente da 75/18 Assault Gun
Selects Strafing Run
Strafing Run
Assault Mechanized Group
Flak 36 Anti-tank Gun Team
Selects Artillery Cover
Emergency Repair Kits
Artillery Cover
Armored Reserves
Strafing Run
Tiger Heavy Tank
MrGlaucus
Malenkiy_Apelsin
0
0
Comments
sign in to comment!
No comments posted yet!